 Dungeon Crawl Stone Soup version 0.18.1-6-gd335043 (webtiles) character file.

1112 M4edhros the Spear-Bearer (level 8, -9/58 HPs)
             Began as a Formicid Fighter on May 20, 2016.
             Mangled by an ogre
             ... wielding a +0 giant club
              (18 damage)
             ... on level 5 of the Dungeon.
             The game lasted 00:06:13 (4327 turns).

M4edhros the Spear-Bearer (Formicid Fighter)        Turns: 4327, Time: 00:06:14

Health: -9/58      AC:  6    Str: 21    XL:     8   Next: 59%
Magic:  8/8        EV:  7    Int:  8    God:
Gold:   370        SH:  9    Dex: 12    Spells: 0 memorised, 7 levels left

rFire  . . .     SeeInvis +     a - +0 trident
rCold  . . .     Gourm    .     b - +0 scale mail
rNeg   . . .     Faith    .     c - +0 shield
rPois  .         Spirit   .     (helmet unavailable)
rElec  .         Dismiss  .     (no cloak)
rCorr  .         Reflect  .     (no gloves)
SustAt .         Harm     .     (no boots)
MR     .....                    (no amulet)
Stlth  ..........               (no ring)
                                o - ring of flight

@: not resistant to hostile enchantments, extremely unstealthy
A: permanent stasis, dig shafts and tunnels, four strong arms, antennae 3
a: Dig, Shaft Self, Evoke Flight


You were on level 5 of the Dungeon.
You were hungry.

You visited 1 branch of the dungeon, and saw 5 of its levels.
You also visited: Ossuary.

You collected 370 gold pieces.

Inventory:

Hand Weapons
 a - a +0 trident (weapon)
 m - a +1 dagger of flaming
Armour
 b - a +0 scale mail (worn)
 c - a +0 shield (worn)
Jewellery
 o - a ring of flight (left hand)
Wands
 u - a wand of confusion (4/48)
 B - a wand of lightning (11/15)
Scrolls
 e - a scroll of magic mapping {unknown}
 h - 2 scrolls of noise {unknown}
 i - 7 scrolls of identify {unknown}
 j - a scroll of blinking {unknown}
 n - a scroll of fear {unknown}
 p - a scroll of enchant armour {unknown}
 q - 2 scrolls of teleportation {unknown}
 s - a scroll of remove curse {unknown}
 t - a scroll of recharging {unknown}
 x - a scroll of amnesia {unknown}
 y - 3 scrolls of random uselessness {unknown}
Potions
 v - 2 potions of lignification
 z - a potion of curing
Books
 r - a book of Burglary

   Spells                             Type                      Level
   a - Swiftness                      Charms/Air                   2
   b - Passwall                       Transmutation/Earth          2
   c - Passage of Golubria            Translocation                4
   d - Lee's Rapid Deconstruction     Earth                        5
   e - Darkness                       Hexes                        6
   f - Invisibility                   Hexes                        6
Comestibles
 d - 3 beef jerkies
 f - 4 bread rations
 g - 5 fruits
 k - a royal jelly
 l - a meat ration
 w - a slice of pizza


   Skills:
 - Level 3.2 Fighting
 + Level 9.8 Polearms
 - Level 3.2 Armour
 - Level 3.6 Shields


You had 7 spell levels left.
You didn't know any spells.

Dungeon Overview and Level Annotations

Branches:
Dungeon (5/15)
 Temple: D:4-7

Altars:
Gozag
Nemelex Xobeh
Trog


Innate Abilities, Weirdness & Mutations

You are under a permanent stasis effect.
You can dig through walls and to a lower floor.
Your four strong arms can wield two-handed weapons with a shield.
You have a pair of large antennae on your head (SInv).


Message History

Found 14 gold pieces.
An ogre comes into view. It is wielding a giant club.
The ogre shouts!
Found a bread ration.
You block the ogre's attack. The ogre closely misses you.
You hit the ogre but do no damage. You block the ogre's attack.
You hit the ogre.
The ogre is lightly wounded.
You puncture the ogre!
The ogre is moderately wounded.
The ogre hits you with a giant club!
You hit the ogre.
The ogre is heavily wounded.
The ogre hits you with a giant club!!
* * * LOW HITPOINT WARNING * * *
You barely miss the ogre.
The ogre is heavily wounded.
The ogre hits you with a giant club!!
You die...

#.#.#.#.#.### ..≈≈≈≈≈.≈≈
............#
.......≈####'##
.#.#.#.#.#..## ......
#≈§§.≈§ .............#
...... #⌠≈.§...
#.#.#.#[#.#..#####......
##≈.._..
........................
#⌠≈.....
.#.#.#.#.#.#............
##≈≈≈≈≈§
..........##....O...%.#
###§#⌠#
#.#.#.#.#.##....@.....#
## #
......(..###....!....##
.#.#.#.#.# #.$.......#
.....................#
....########.........#
##### #.........# #
..........# #
#........### #


You could see an ogre.

Vanquished Creatures
  Menkaure (D:4)
  Edmund (D:4)
  2 ice beasts
  A phantom (D:5)
  A scorpion (D:4)
  A howler monkey (D:4)
  2 hounds (D:4)
  A centaur zombie (D:5)
  An orc priest (D:5)
  2 orc wizards (D:5)
  3 worker ants (D:4)
  4 big kobold zombies (Ossuary)
  A hound skeleton (D:4)
  2 mummies (Ossuary)
  A gnoll (D:1)
  2 adders
  A shadow imp (D:5)
  An ooze (D:4)
  An adder skeleton (D:5)
  2 worms
  A dart slug (D:1)
  3 giant geckos
  8 orcs
  7 bats
  7 giant cockroaches
  3 gnoll zombies (Ossuary)
  7 goblins
  3 hobgoblins (D:1)
  7 jackals
  4 kobolds (D:1)
  A quokka (D:3)
  A ball python (D:1)
  3 giant gecko skeletons
  6 giant newts
  4 goblin zombies
  3 hobgoblin zombies (Ossuary)
  An orc zombie (Ossuary)
  A quokka zombie (D:5)
  5 rats
106 creatures vanquished.

Vanquished Creatures (others)
  An orc wizard (D:5)
1 creature vanquished.

Grand Total: 107 creatures vanquished

Notes
Turn   | Place    | Note
--------------------------------------------------------------
     0 | D:1      | M4edhros the Formicid Fighter began the quest for the Orb.
     0 | D:1      | Reached XP level 1. HP: 18/18 MP: 1/1
   152 | D:1      | Reached XP level 2. HP: 24/24 MP: 2/2
   267 | D:1      | Reached skill level 3 in Polearms
   339 | D:1      | Reached XP level 3. HP: 26/29 MP: 3/3
   972 | D:2      | Reached XP level 4. HP: 35/35 MP: 4/4
  1014 | D:3      | Reached skill level 4 in Polearms
  1594 | D:4      | Found a sparkling altar of Nemelex Xobeh.
  1594 | D:4      | Found an opulent altar of Gozag.
  1594 | D:4      | Noticed Menkaure
  1604 | D:4      | Killed Menkaure
  1604 | D:4      | Reached skill level 5 in Polearms
  1604 | D:4      | Reached XP level 5. HP: 27/41 MP: 5/5
  1604 | D:4      | Reached XP level 6. HP: 31/47 MP: 6/6
  1769 | D:4      | Reached skill level 6 in Polearms
  2579 | D:4      | Noticed an ice beast
  2593 | D:4      | Killed an ice beast
  2593 | D:4      | Reached skill level 7 in Polearms
  2593 | D:4      | Reached XP level 7. HP: 52/52 MP: 7/7
  2687 | D:4      | HP: 2/52 [poisoned by a scorpion]
  2695 | D:4      | HP: 2/52 [poisoned by a scorpion]
  3052 | D:4      | Noticed Edmund
  3096 | D:4      | Killed Edmund
  3096 | D:4      | Reached skill level 8 in Polearms
  3265 | D:5      | Entered Level 5 of the Dungeon
  3353 | D:5      | Reached XP level 8. HP: 38/58 MP: 8/8
  3382 | D:5      | Reached skill level 9 in Polearms
  3437 | D:5      | Found a bloodstained altar of Trog.
  3507 | D:5      | HP: 2/58 [phantom (8)]
  3610 | D:5      | Found a sand-covered staircase.
  3619 | Ossuary  | Entered an ossuary
  4327 | D:5      | Mangled by an ogre

Skill      XL: |  1  2  3  4  5  6  7  8 |
---------------+-------------------------+-----
Polearms       | 3 5 7 8 9 |  9.8
Fighting       | |  3.2
Armour         | |  3.2
Shields        | |  3.6

Action                   |  1- 3 |  4- 6 |  7- 9 || total
-------------------------+-------+-------+-------++-------
Melee: Trident           |   109 |   183 |   293 ||   585
  Use: Potion            |       |     6 |     3 ||     9
  Eat: Chunk             |       |     6 |       ||     6
       Meat ration       |       |       |     1 ||     1
Armor: Scale mail        |    43 |    79 |    67 ||   189
       Skin              |       |     2 |       ||     2
Dodge: Dodged            |    22 |    57 |    44 ||   123
Block: Shield            |    44 |   100 |    90 ||   234
